 Dungeon Crawl Stone Soup version 0.29.1-1-gd02db6906a (webtiles) character file.

Game seed: 5894340375323721038

1096 DryNick the Cleaver (level 8, -4/96 (100) HPs)
             Began as a Minotaur Berserker on Oct 3, 2022.
             Was a Priest of Trog.
             Slain by a wight
             ... wielding a +3 battleaxe
              (16 damage)
             ... on level 6 of the Dungeon.
             The game lasted 00:32:48 (5242 turns).

DryNick the Cleaver (Minotaur Berserker)            Turns: 5242, Time: 00:32:49

HP:   -4/96 (100)   AC:  6    Str: 24    XL:     8   Next: 10%
MP:   7/7           EV: 10    Int:  4    God:    Trog [***...]
Gold: 243           SH:  0    Dex: 10    Spells: 7/7 levels left

rFire   . . .      SeeInvis .   E - +2 battleaxe
rCold   . . .      Faith    .   (shield currently unavailable)
rNeg    . . .      Spirit   .   j - +0 scale mail
rPois   .          Reflect  .   (helmet restricted)
rElec   .          Harm     .   (no cloak)
rCorr   .          Rampage  .   (no gloves)
Will    .....                   (no boots)
Stlth   ..........              (no amulet)
HPRegen 0.26/turn               (no ring)
MPRegen 0.10/turn               (no ring)

@: berserking, lightly drained, very quick
A: horns 2, retaliatory headbutt
a: Renounce Religion, Berserk, Trog's Hand


You were on level 6 of the Dungeon.
You worshipped Trog.
Trog was most pleased with you.
You visited 1 branch of the dungeon, and saw 5 of its levels.

You collected 243 gold pieces.

Inventory:

Hand Weapons
 a - a +0 hand axe
 i - a +0 sling
 t - a +0 whip
 y - a +0 spear
 A - a +0 giant club
 C - a +0 broad axe
 D - a +1 short sword
 E - a +2 battleaxe (weapon)
Missiles
 h - 3 atropa-tipped darts (quivered)
 v - 12 stones
Armour
 b - a +0 animal skin
 g - the +1 robe "Fihum" {Rampage *Slow Dex+4}
   (You found it on level 5 of the Dungeon)

   Dex:       It affects your dexterity (+4).
   *Slow:     It may slow you when you take damage.
   Rampage:   It bestows one free step when moving towards enemies.
 j - a +0 scale mail (worn)
 n - a +0 ring mail
 s - a +0 buckler
Jewellery
 B - a ring of ice
Wands
 x - a wand of polymorph (9)
Scrolls
 c - 3 scrolls of identify {unknown}
 d - a scroll of fear {unknown}
 k - a scroll of enchant weapon {unknown}
 l - 3 scrolls of teleportation {unknown}
 m - a scroll of fog {unknown}
 q - a scroll of blinking {unknown}
 u - a scroll of magic mapping {unknown}
 z - a scroll of torment {unknown}
Potions
 e - 2 potions of curing
 f - a potion of might {unknown}
 o - a potion of flight {unknown}
 p - a potion of heal wounds {unknown}
 r - a potion of resistance {unknown}
 w - a potion of degeneration {unknown}


   Skills:
 - Level 4.5 Fighting
 + Level 11.3 Axes
 - Level 2.9 Armour
 - Level 2.6 Dodging
 - Level 0.1 Stealth


You had 7 spell levels left.
You didn't know any spells.
Your spell library contained the following spells:

 Spells                   Type           Power      Damage    Failure   Level
 Poisonous Vapours        Pois/Air       0%         N/A       91%         2
 Corpse Rot               Necr/Pois/Air  0%         N/A       100%        4


Dungeon Overview and Level Annotations

Branches:
Dungeon (6/15)
 Temple: D:4-7

Altars:
Ashenzari
Sif Muna
The Shining One

Shops:
D:1 [=[[(   D:5 (


Innate Abilities, Weirdness & Mutations

You have a pair of horns on your head.
You reflexively headbutt those who attack you in melee.


Message History

You hit the wight but do no damage. You headbutt the wight!
The wight is severely damaged.
The wight hits you but does no damage. The wight closely misses you.
You furiously retaliate!
You headbutt the wight, but do no damage.
You barely miss the wight. You headbutt the wight!
You destroy the wight!
Trog accepts your kill.
Your life force feels restored.
Items here: ))) [[[.
E - a +2 battleaxe You can't wield that with only one hand.
You start removing your armour.
You continue taking off your +0 buckler. x4
You finish taking off your +0 buckler.
E - a +2 battleaxe (weapon)
A jelly comes into view.
The jelly quivers.
You hit the jelly. The acid corrodes you!
Your hands burn!
Your headbutt misses the jelly.
The jelly is lightly wounded.
The jelly hits you.
You are splashed with acid!
You slash the jelly! The acid corrodes you!
Your hands burn!
You headbutt the jelly!
You kill the jelly!
Trog accepts your kill.
A wight is nearby!
You hit the wight but do no damage. The wight closely misses you.
The wight barely misses you. You furiously retaliate!
You headbutt the wight, but do no damage.
You closely miss the wight.
The wight hits you with a +3 battleaxe!!
* * * LOW HITPOINT WARNING * * *
You feel drained.
* * * LOW HITPOINT WARNING * * *
A red film seems to cover your vision as you go berserk!
You feel yourself moving faster!
You feel mighty!
You are no longer corroded.
The wight hits you with a +3 battleaxe!
You die...

##.<.###........#..#.........#.
##..................#.......####
##....###.....................#
.......##.........####.......##
....##..............##.....[.###
...#
###.......................##
...# ##...........###.....##..#
..## ###............#...#.###.##
...####.........@z.....###..##.#
.......#.)##.#..##..##.##...#..#
..........[####..#.............#
..............#........##.....##
....####+####.##........#......#
....# ##...###...#....## ....#
#....# ##.##.#.## ....# $.......
......... ....# #.........
.......##


You could see a wight.

Vanquished Creatures
  Prince Ribbit (D:5)
  3 ogres
  A scorpion (D:5)
  4 wights (D:6)
  2 howler monkeys (D:6)
  A jelly (D:6)
  2 hounds
  An iguana (D:6)
  2 orc wizards (D:6)
  A gnoll (D:1)
  5 adders
  A white imp (D:6)
  An ufetubus (D:6)
  A worm (D:3)
  4 dart slugs
  12 orcs
  4 ball pythons (D:1)
  5 bats
  3 endoplasms
  A giant cockroach (D:1)
  6 goblins
  6 hobgoblins
  2 quokkas
  12 frilled lizards
  6 kobolds
  6 rats
93 creatures vanquished.

Vanquished Creatures (others)
  A plant (D:1)
1 creature vanquished.

Grand Total: 94 creatures vanquished

Notes
Turn   | Place    | Note
-------+----------+-------------------------------------------
     0 | D:1      | DryNick the Minotaur Berserker began the quest for the Orb.
     0 | D:1      | Reached XP level 1. HP: 19/19 MP: 0/0
   178 | D:1      | Reached XP level 2. HP: 25/27 MP: 1/1
   301 | D:1      | Found Vainizeo's Antique Armour Emporium.
   301 | D:1      | Found Liatoar's Antique Armour Boutique.
   302 | D:1      | Found Awnotorch's Jewellery Shoppe.
   307 | D:1      | Reached skill level 4 in Axes
   626 | D:1      | Found Etwycen's Antique Armour Emporium.
   629 | D:1      | Reached ** piety under Trog
   864 | D:1      | Reached XP level 3. HP: 28/33 MP: 2/2
  1035 | D:1      | Found Vugholup's Weapon Emporium.
  2078 | D:2      | Reached XP level 4. HP: 41/41 MP: 3/3
  2780 | D:3      | Reached skill level 5 in Axes
  3321 | D:3      | You fall into a shaft and drop 2 floors!
  3321 | D:5      | Entered Level 5 of the Dungeon
  3321 | D:5      | Found a glowing golden altar of the Shining One.
  3445 | D:5      | Identified the +1 robe "Fihum" {Rampage *Slow Dex+4}
  3503 | D:5      | Noticed an ogre
  3514 | D:5      | Killed an ogre
  3515 | D:5      | Reached skill level 6 in Axes
  3515 | D:5      | Reached XP level 5. HP: 47/47 MP: 4/4
  3586 | D:5      | HP: 2/47 [poisoned by a scorpion]
  3587 | D:5      | Reached skill level 7 in Axes
  3587 | D:5      | Reached XP level 6. HP: 2/53 MP: 5/5
  4083 | D:5      | Found Carrugh's Weapon Boutique.
  4114 | D:5      | Reached skill level 8 in Axes
  4247 | D:5      | Found a shimmering blue altar of Sif Muna.
  4439 | D:5      | Noticed Prince Ribbit
  4457 | D:5      | Killed Prince Ribbit
  4458 | D:5      | Reached skill level 9 in Axes
  4458 | D:5      | Reached XP level 7. HP: 13/60 MP: 6/6
  4847 | D:6      | Reached *** piety under Trog
  4863 | D:6      | Reached skill level 10 in Axes
  5115 | D:6      | Found a broken altar of Ashenzari.
  5186 | D:6      | Reached skill level 11 in Axes
  5186 | D:6      | Reached XP level 8. HP: 53/67 MP: 7/7
  5242 | D:6      | Slain by a wight

Illustrated notes

Levels and vault maps discovered:
D:1:      minmay_arrival_doors, layout_basic, serial_shops, shop,
          nicolae_shop_hallway_stairs, nicolae_diamond_shop, shop_statue, shop,
          minmay_lizard_king
D:2:      layout_loops_corners, st_stairs_13, nicolae_hexahallways
D:3:      layout_basic, elyvilon_altar_3, nrook_campfire
D:5:      layout_basic, mainiacjoe_overflow_surrounded_room,
          lemuel_blue_sif_altar, serial_shops, nicolae_shop_statue_plus,
          uniq_prince_ribbit1
D:6:      layout_cave_pools, lemuel_coloured_pillars_altar, grunt_tough_drop

Skill      XL: |  1  2  3  4  5  6  7 |
---------------+----------------------+-----
Fighting       | 4 |  4.5
Axes           | 4 6 7 9 11 | 11.3
Armour         | |  2.9
Dodging        | |  2.6
Stealth        | |  0.1

Action                   |  1- 3 |  4- 6 |  7- 9 || total
-------------------------+-------+-------+-------++-------
Melee: Hand axe          |    88 |    84 |    43 ||   215
       Headbutt          |     8 |    15 |    10 ||    33
       Punch             |     2 |     1 |       ||     3
       Broad axe         |       |       |    12 ||    12
       Battleaxe         |       |       |     4 ||     4
Invok: Berserk           |       |       |     1 ||     1
  Use: Potion            |       |     1 |       ||     1
Armor: Animal skin       |     7 |       |       ||     7
       Scale mail        |    21 |    37 |    17 ||    75
Dodge: Dodged            |    54 |    38 |    23 ||   115
Block: Buckler           |       |     1 |     2 ||     3
